 Dungeon Crawl Stone Soup version 0.31-a0-4-gefa6de2278 (webtiles) character file.

Game seed: 11087938309211573306

5891 GigaChad the Spear-Bearer (level 11, 0/83 HPs)
             Began as a Formicid Fighter on May 3, 2023.
             Was a Priest of Makhleb.
             Slain by a goblin
             ... wielding a +0 spear
              (1 damage)
             ... on level 9 of the Dungeon.
             The game lasted 00:12:22 (8559 turns).

GigaChad the Spear-Bearer (Formicid Fighter)        Turns: 8559, Time: 00:12:23

Health: 0/83       AC: 17    Str: 32    XL:     11   Next: 8%
Magic:  11/11      EV:  8    Int:  7    God:    Makhleb [***...]
Gold:   248        SH:  7    Dex: 13    Spells: 10/10 levels left

rFire   + . .        q - +4 war axe of Lilott {heavy, rF+ rC+ rCorr}
rCold   + . .        y - +2 buckler
rNeg    . . .        g - +0 plate armour
rPois   .            (helmet unavailable)
rElec   .            (no cloak)
rCorr   +            (no gloves)
SInv    +            (no boots)
Will    +....        (no amulet) Stlth
                     l - +6 ring of strength
HPRegen 0.33/turn    m - +4 ring of protection
MPRegen 0.12/turn

%: no passive effects
@: lethally poisoned (0 -> -22)
A: permanent stasis, dig shafts and tunnels, antennae 3, four strong arms
a: Dig, Shaft Self, Renounce Religion, Minor Destruction, Lesser Servant of
Makhleb


You were on level 9 of the Dungeon.
You worshipped Makhleb.
Makhleb was most pleased with you.
You visited 2 branches of the dungeon, and saw 10 of its levels.

You collected 494 gold pieces.
You spent 246 gold pieces at shops.

Inventory:

Hand Weapons
 a - a +0 war axe
 h - a +1 glaive
 q - the +4 war axe of Lilott (weapon) {heavy, rF+ rC+ rCorr}
   (You bought it in a shop on level 5 of the Dungeon)

   rF:        It protects you from fire.
   rC:        It protects you from cold.
   rCorr:     It protects you from acid and corrosion.
Missiles
 p - a throwing net
Armour
 b - a +0 scale mail
 c - a +0 buckler
 g - a +0 plate armour (worn)
 y - a +2 buckler (worn)
Jewellery
 f - a ring of protection from fire
 l - a +6 ring of strength (left hand)
 m - a +4 ring of protection (right hand)
 s - a +6 ring of dexterity
 D - a ring of ice
Wands
 k - a wand of quicksilver (11)
 x - a wand of roots (7)
 z - a wand of flame (22)
Scrolls
 j - a scroll of amnesia
 n - 3 scrolls of noise
 t - a scroll of silence
 C - a scroll of magic mapping
 E - a scroll of identify
Potions
 d - 3 potions of might
 e - 3 potions of heal wounds
 i - a potion of degeneration {unknown}
 o - 2 potions of haste
 r - a potion of cancellation
 u - 2 potions of attraction
 v - 2 potions of flight {unknown}
 w - 2 potions of curing {unknown}
 A - a potion of mutation {unknown}
 B - a potion of lignification {unknown}


   Skills:
 + Level 6.9 Fighting
 + Level 8.5(10.5) Axes
 * Level 9.7(11.1) Polearms
 + Level 7.4 Armour
 + Level 1.1 Dodging
 + Level 1.0 Stealth
 + Level 7.0 Shields


You had 10 spell levels left.
You didn't know any spells.
Your spell library contained the following spells:

 Spells                   Type           Power      Damage    Failure   Level
 Lesser Beckoning         Tloc           0%         N/A       99%         2
 Momentum Strike          Conj/Tloc      0%         3d8       99%         2
 Olgreb's Toxic Radiance  Pois           0%         N/A       100%        4
 Summon Forest            Summ/Tloc      0%         N/A       100%        5
 Summon Mana Viper        Hex/Summ       0%         N/A       100%        5
 Summon Cactus Giant      Summ           0%         N/A       100%        6
 Discord                  Hex            0%         N/A       100%        8
 Ignition                 Fire           0%         3d3       100%        8
 Blink                    Tloc           Unusable   N/A       N/A         2

Dungeon Overview and Level Annotations

Branches:
Dungeon (9/15)             Temple (1/1) D:7
   Lair: D:8-11         Orc: D:9-12

Altars:
Ashenzari
Dithmenos
Elyvilon
Fedhas
Gozag
Hepliaklqana
Kikubaaqudgha
Makhleb
Nemelex Xobeh
Okawaru
Qazlal
Ru
Sif Muna
Trog
Uskayaw
Vehumet
Wu Jian
Xom
Yredelemnul
Zin
The Shining One

Shops:
D:3 =   D:4 =!(=(   D:5 (

Portals:
Bailey: D:9

Annotations:
D:7 2 transporters, SirDiesAlot's ghost, novice OgVM


Innate Abilities, Weirdness & Mutations

You cannot be hasted, slowed, berserked, paralysed or teleported.
You can dig through walls and to a lower floor.
You have a pair of large antennae on your head. (SInv)
Your four strong arms can wield two-handed weapons with a shield.


Message History

The killer bee barely misses you. The killer bee closely misses you.
The goblin hits you but does no damage. x3
The goblin hits you with a +0 spear.
* * * LOW HITPOINT WARNING * * *
The killer bee stings you but does no damage. x2
You see here a killer bee corpse.
You slice the goblin!!
You kill the goblin!
Makhleb accepts your kill.
You hit the killer bee. x2; You miss the goblin.
You hear the creaking of a portcullis.
You feel very sick. The killer bee stings you.
* * * LOW HITPOINT WARNING * * *
You are lethally poisoned!
The killer bee poisons you! You block the killer bee's attack.
The killer bee stings you!
* * * LOW HITPOINT WARNING * * *
You block the killer bee's attack. The goblin hits you but does no damage.
The goblin closely misses you. The goblin hits you but does no damage.
The killer bee stings you but does no damage.
The killer bee closely misses you. The goblin barely misses you.
The goblin hits you but does no damage. x2
Unknown command.
You miss the killer bee.
The killer bee is almost dead.
You slash the goblin!
You kill the goblin!
Makhleb accepts your kill.
You feel better.
You completely miss the killer bee.
* * * LOW HITPOINT WARNING * * *
You feel very sick. The killer bee stings you.
* * * LOW HITPOINT WARNING * * *
You block the killer bee's attack. x2; The killer bee stings you.
* * * LOW HITPOINT WARNING * * *
You are more poisoned.
The killer bee poisons you! The goblin hits you but does no damage.
The goblin hits you from afar with a +0 spear.
You die...

.≈...≈. .~.∩>~. #. .≈...≈.
#. .≈≈~≈≈. #. ###....... ..
.gg....#. #. ##y)......
#.##.@)....#
####.#..y..####
#....$......# #.
#.####...##.# #. #...## .#
#. #.### # #. #.# #.# #.
#.# #.# ##.##.####
)######.#####.####[..#)##..


You could see 2 killer bees and 2 goblins.

Vanquished Creatures
  Joseph (D:7)
  A hornet (D:7)
  Grinder (D:4)
  Prince Ribbit (D:7)
  A wraith (D:7)
  A shadow (D:9)
  6 yaks (D:8)
  3 steam dragons
  A water moccasin (D:8)
  Duvessa (D:7)
  2 sky beasts (D:7)
  2 orc warriors
  4 black bears
  2 ice beasts
  2 centaurs
  An ogre (D:4)
  2 phantoms
  3 kobold brigands
  2 bullfrogs
  2 scorpions
  Dowan (D:7)
  10 killer bees (D:9)
  A howler monkey (D:5)
  2 jellies
  8 hounds
  2 gnoll boudas
  3 orc priests
  4 iguanas
  6 orc wizards
  8 gnolls
  2 adders
  A shadow imp (D:4)
  5 white imps
  6 ufetubi
  A worm (D:2)
  2 dart slugs
  21 orcs
  7 endoplasms
  2 giant cockroaches
  5 goblins
  6 hobgoblins
  A quokka (D:1)
  3 ball pythons
  4 bats
  4 frilled lizards
  27 kobolds
  3 rats
184 creatures vanquished.

Notes
Turn   | Place    | Note
-------+----------+-------------------------------------------
     0 | D:1      | GigaChad the Formicid Fighter began the quest for the Orb.
     0 | D:1      | Reached XP level 1. HP: 18/18 MP: 1/1
   243 | D:1      | Reached XP level 2. HP: 24/24 MP: 2/2
   447 | D:1      | Reached XP level 3. HP: 30/30 MP: 3/3
  1097 | D:2      | Found a radiant altar of Vehumet.
  1558 | D:3      | Noticed a scorpion
  1568 | D:3      | Killed a scorpion
  1569 | D:3      | Reached skill level 1 in Polearms
  1569 | D:3      | Reached XP level 4. HP: 8/38 MP: 4/4
  1569 | D:3      | Reached XP level 5. HP: 9/43 MP: 5/5
  2008 | D:3      | Found Oloonob's Jewellery Shop.
  2235 | D:3      | Found a burning altar of Makhleb.
  2257 | D:3      | Reached skill level 2 in Polearms
  2530 | D:3      | Became a worshipper of Makhleb the Destroyer
  2730 | D:4      | Reached XP level 6. HP: 49/49 MP: 6/6
  2738 | D:4      | Found Onlaubef's Weapon Shoppe.
  2749 | D:4      | Found Naffaura's Distillery.
  2753 | D:4      | Found a basalt altar of Yredelemnul.
  2773 | D:4      | Found a shimmering altar of Xom.
  2799 | D:4      | Found Xiratuac's Jewellery Shoppe.
  2806 | D:4      | Found a radiant altar of Vehumet.
  2849 | D:4      | Noticed an ogre
  2857 | D:4      | Killed an ogre
  2858 | D:4      | Reached skill level 3 in Polearms
  2887 | D:4      | Found Zutysuw's Jewellery Shoppe.
  3065 | D:4      | Reached skill level 4 in Polearms
  3089 | D:4      | Found Xipno's Antique Weapon Shop.
  3217 | D:4      | Noticed Grinder
  3223 | D:4      | Killed Grinder
  3224 | D:4      | Reached skill level 5 in Polearms
  3224 | D:4      | Reached XP level 7. HP: 54/55 MP: 7/7
  3300 | D:5      | Entered Level 5 of the Dungeon
  3364 | D:5      | Reached XP level 8. HP: 41/61 MP: 8/8
  3461 | D:5      | Reached skill level 6 in Polearms
  3547 | D:5      | Reached * piety under Makhleb
  3599 | D:5      | Found a stormy altar of Qazlal.
  3600 | D:5      | Found a sacrificial altar of Ru.
  3601 | D:5      | Found an ornate altar of the Wu Jian Council.
  3602 | D:5      | Found a bloodstained altar of Trog.
  3650 | D:5      | Found a glowing golden altar of the Shining One.
  3736 | D:5      | Reached skill level 7 in Polearms
  3807 | D:5      | Found a hide-covered altar of Uskayaw.
  3813 | D:5      | Reached skill level 5 in Armour
  4045 | D:5      | Found Ecixt's Antique Weapon Boutique.
  4081 | D:5      | Reached skill level 5 in Fighting
  4081 | D:5      | Reached skill level 5 in Shields
  4369 | D:5      | Bought a crystal war axe for 246 gold pieces
  4369 | D:5      | Identified the +4 war axe of Lilott {heavy, rF+ rC+ rCorr}
                  | (You bought it in a shop on level 5 of the Dungeon)
  4960 | D:6      | Reached skill level 8 in Polearms
  4982 | D:6      | Reached XP level 9. HP: 42/68 MP: 9/9
  5655 | D:6      | Reached ** piety under Makhleb
  5878 | D:7      | Reached skill level 5 in Axes
  5960 | D:7      | Noticed a hornet
  5966 | D:7      | Killed a hornet
  5986 | D:7      | Noticed Prince Ribbit
  6000 | D:7      | Reached skill level 9 in Polearms
  6000 | D:7      | Reached XP level 10. HP: 34/76 MP: 10/10
  6000 | D:7      | Killed Prince Ribbit
  6340 | D:7      | Noticed Dowan
  6343 | D:7      | Noticed Duvessa
  6348 | D:7      | Killed Dowan
  6351 | D:7      | Killed Duvessa
  6496 | D:7      | Found a white marble altar of Elyvilon.
  6500 | D:7      | Found a transporter.
  6505 | D:7      | Noticed Joseph
  6506 | D:7      | Found a staircase to the Ecumenical Temple.
  6520 | D:7      | Killed Joseph
  6819 | Temple   | Entered the Ecumenical Temple
  6949 | D:7      | Noticed SirDiesAlot's ghost (novice OgVM)
  6949 | D:7      | Noticed a two-headed ogre
  6951 | D:7      | Noticed a cyclops
  6966 | D:7      | Found a transporter.
  7366 | D:8      | Reached skill level 1 in Dodging
  8340 | D:9      | Reached XP level 11. HP: 67/83 MP: 11/11
  8547 | D:9      | Found a flagged portal.
  8556 | D:9      | Reached skill level 1 in Stealth
  8556 | D:9      | Reached *** piety under Makhleb
  8559 | D:9      | HP: 4/83 [poisoned by a killer bee]
  8559 | D:9      | HP: 1/83 [killer bee (2)]
  8559 | D:9      | Slain by a goblin

Illustrated notes

Levels and vault maps discovered:
D:1:      dpeg_arrival_stone_temple_mockup, layout_basic
D:2:      layout_loops_ring, basic_altar
D:3:      layout_loops_cross, mainiacjoe_overflow_six_doors_small, serial_shops,
          nicolae_shop_gaudy_bauble, kennysheep_another_room
D:4:      layout_basic, mainiacjoe_overflow_catwalk_spiral, fiery_altar_vehumet,
          serial_shops, nicolae_shop_stone, nicolae_diamond_shop,
          kennysheep_little_box, shop, nicolae_shop_competitors_out_of_business,
          uniq_grinder
D:5:      layout_basic, nicolae_uskayaw_murder_on_the_dancefloor,
          tso_metal_star, mainiacjoe_overflow_alcove_3, grunt_decor_clamped,
          minmay_hedge_maze, kennysheep_windowed_goal
D:6:      layout_loops_ring
D:7:      layout_cave_pools, lemuel_tele_altar,
          minmay_temple_entry_drinking_statues, gammafunk_ghost_arena,
          minmay_microvault, uniq_duvessa, uniq_joseph, uniq_prince_ribbit1
D:8:      layout_basic
D:9:      layout_loops_ring, enter_bailey_5
Temple:   nicolae_temple_two_arcs

Skill      XL: |  1  2  3  4  5  6  7  8  9 10 11 |
---------------+----------------------------------+-----
Fighting       | 4 5 6 |  6.9
Axes           | 3 6 8 |  8.5
Polearms       | 1 2 5 8 9 |  9.7
Armour         | 4 5 7 |  7.4
Shields        | 5 6 7 |  7.0
Dodging        | 1 |  1.1
Stealth        | 1 |  1.0

Action                     |  1- 3 |  4- 6 |  7- 9 | 10-12 || total
---------------------------+-------+-------+-------+-------++-------
  Melee: War axe           |    89 |       |   109 |    97 ||   295
         Glaive            |    21 |    58 |    87 |       ||   166
Ability: Dig               |       |       |     1 |       ||     1
    Use: Scroll            |     4 |     3 |     2 |     5 ||    14
 Armour: Scale mail        |    33 |       |       |       ||    33
         Plate armour      |    15 |    25 |   227 |   119 ||   386
  Dodge: Dodged            |    40 |    13 |   117 |    60 ||   230
  Block: Buckler           |    30 |    10 |    81 |    72 ||   193

Table legend: (Time is in decaauts)
 A = Elapsed time spent in this place.
 B = Non-inter-level travel time spent in this place.
 C = Inter-level travel time spent in this place.
 D = Time resting spent in this place.
 E = Time spent auto-exploring this place.
 F = Levels seen in this place.
 G = Mean time per level.
                   A        B        C        D        E       F      G
               +--------+--------+--------+--------+--------+-----+--------+
         Total |   8803 |   8611 |    192 |   2387 |   4581 |  10 |  880.3 |
       Dungeon |   8681 |   8495 |    186 |   2387 |   4481 |   9 |  964.6 |
        Temple |    122 |    116 |      6 |      0 |    100 |   1 |  122.0 |
               +--------+--------+--------+--------+--------+-----+--------+

Top non-repeatable levels by time:
     D:5: 1674 daAuts
     D:7: 1281 daAuts
     D:3: 1233 daAuts
     D:8: 1118 daAuts
     D:6: 969 daAuts
     D:1: 789 daAuts
     D:2: 693 daAuts
     D:4: 667 daAuts
     D:9: 253 daAuts
  Temple: 122 daAuts
